 Dungeon Crawl Stone Soup version 0.21.1-1-g345015f (webtiles) character file.

403 Mirai the Conjurer (level 6, 0/45 HPs)
             Began as a Draconian Conjurer on Mar 13, 2018.
             Slain by Edmund
             ... wielding a +1 flail of crushing
              (1 damage)
             ... on level 3 of the Dungeon.
             The game lasted 00:10:54 (4005 turns).

Mirai the Conjurer (Draconian Conjurer)             Turns: 4005, Time: 00:10:55

Health: 0/45       AC:  6    Str: 10    XL:     6   Next: 55%
Magic:  2/11       EV: 13    Int: 17    God:
Gold:   137        SH:  0    Dex: 12    Spells: 3/12 levels left

rFire    . . .     SeeInvis .   h - +2 dagger (venom)
rCold    . . .     Gourm    .   (no shield)
rNeg     . . .     Faith    .   (armour unavailable)
rPois    .         Spirit   .   (helmet restricted)
rElec    .         Reflect  .   (no cloak)
rCorr    .         Harm     .   (no gloves)
MR       .....                  (no boots)
Stlth    ++........             (no amulet)
HPRegen  0.15/turn              (no ring)
MPRegen  0.12/turn              (no ring)

@: no status effects
A: unfitting armour, cold-blooded, AC +6
a: no special abilities


You were on level 3 of the Dungeon.
You were hungry.

You visited 1 branch of the dungeon, and saw 4 of its levels.

You collected 137 gold pieces.

Inventory:

Hand Weapons
 h - a +2 dagger of venom (weapon)
 n - a +2 vampiric short sword
 s - a +2 dagger of holy wrath
Missiles
 o - 6 javelins (quivered)
Scrolls
 c - 2 scrolls of teleportation {unknown}
 e - a scroll of fog {unknown}
 f - 2 scrolls of identify {unknown}
 g - 2 scrolls of amnesia {unknown}
 j - 2 scrolls of immolation {unknown}
 m - a scroll of blinking {unknown}
 p - a scroll of remove curse {unknown}
 u - a scroll of magic mapping {unknown}
 v - a scroll of random uselessness {unknown}
Potions
 d - a potion of lignification {unknown}
 i - 2 potions of brilliance {unknown}
 k - a potion of curing {unknown}
 l - a potion of might {unknown}
 t - a potion of agility {unknown}
Books
 a - a book of Conjurations

   Spells                             Type                      Level
   a - Magic Dart                     Conjuration                  1
   b - Searing Ray                    Conjuration                  2
   c - Dazzling Spray                 Conjuration/Hexes            3
   d - Fulminant Prism                Conjuration/Hexes            4
   e - Force Lance                    Conjuration/Translocation    4
   f - Iskenderun's Mystic Blast      Conjuration                  4
 r - a book of Minor Magic

   Spells                             Type                      Level
   a - Magic Dart                     Conjuration                  1
   b - Blink                          Translocation                2
   c - Call Imp                       Summoning                    2
   d - Slow                           Hexes                        2
   e - Conjure Flame                  Conjuration/Fire             3
   f - Mephitic Cloud                 Conjuration/Poison/Air       3
Comestibles
 b - 4 rations


   Skills:
 + Level 3.8 Dodging
 + Level 2.9 Stealth
 * Level 3.9 Spellcasting
 + Level 5.2 Conjurations
 * Level 0.1 Translocations


You had 3 spell levels left.
You knew the following spells:

 Your Spells              Type           Power        Failure   Level  Hunger
a - Magic Dart            Conj           ###.         1%          1    None
b - Searing Ray           Conj           ###...       2%          2    ##.....
c - Iskenderun's Mystic   Conj           ###.....     19%         4    ####...
d - Blink                 Tloc           N/A          22%         2    ##.....


Dungeon Overview and Level Annotations

Branches:
Dungeon (4/15)
 Temple: D:4-7

Altars:
Ashenzari
Sif Muna

Annotations:
D:3 Edmund; soepske's ghost, amateur GnSu
D:4 jazmu's ghost, amateur DsHu


Innate Abilities, Weirdness & Mutations

Your plain brown scales are hard. (AC +6)
You cannot fit into any form of body armour.
You are cold-blooded and may be slowed by cold attacks.


Message History

Jazmu's ghost hits you but does no damage.
There is a stone staircase leading up here.
You hit jazmu's ghost but do no damage.
You tail-slap jazmu's ghost, but do no damage.
Jazmu's ghost barely misses you.
You hit jazmu's ghost but do no damage. Jazmu's ghost closely misses you.
You hit jazmu's ghost.
Jazmu's ghost is lightly damaged.
Jazmu's ghost hits you.
* * * LOW HITPOINT WARNING * * *
Jazmu's ghost hits you.
* * * LOW HITPOINT WARNING * * *
You climb upwards.
Level annotation: Edmund; soepske's ghost, amateur GnSu Edmund closely misses you.
There is a stone staircase leading down, spattered with blood here.
Unknown command.
Edmund hits you with a flail of crushing.
* * * LOW HITPOINT WARNING * * *
You die...

#.......# #.#####.# ####### #.#
#.# #.....# #.# #.# #.##.## #.#
#.# #÷##.# #.#####.### #.##.##
#.#.......# #.#....
#.#.############### #.#..##
................@>#########.#..#
#.#.###.#########@........#.#..#
#.#.# #.# #.#######.#.#..##
#.#.###.# #.#..# #.#.#....
#.#.....# #.#..####.#.#.###
#.###############.#.....#§#.#.#
#.# ####.......##.#..##.#.#.#.#
#.# #..'.......'..##.##.#.#.#.#
#.###.##.......#####.#......#.#


You could see Edmund.

Vanquished Creatures
  Purgy (D:3)
  An ogre (D:4)
  A hound skeleton (D:4)
  Robin (D:2)
  9 adders
  2 oozes (D:1)
  A worm (D:3)
  3 dart slugs
  3 leopard geckos
  5 orcs
  3 giant cockroaches
  16 goblins
  7 hobgoblins
  8 jackals
  A ball python (D:3)
  5 bats
  6 frilled lizards
  11 kobolds
  8 rats
92 creatures vanquished.

Notes
Turn   | Place    | Note
-------+----------+-------------------------------------------
     0 | D:1      | Mirai the Draconian Conjurer began the quest for the Orb.
     0 | D:1      | Reached XP level 1. HP: 14/14 MP: 3/3
   118 | D:1      | Reached XP level 2. HP: 6/20 MP: 5/5
   402 | D:1      | Learned a level 2 spell: Searing Ray
   731 | D:1      | Reached XP level 3. HP: 26/26 MP: 0/6
  1411 | D:2      | Reached XP level 4. HP: 33/33 MP: 1/8
  1416 | D:2      | Found a deep blue altar of Sif Muna.
  1676 | D:2      | Noticed Robin
  1699 | D:2      | Killed Robin
  1965 | D:2      | Learned a level 4 spell: Iskenderun's Mystic Blast
  2220 | D:3      | Noticed soepske's ghost (amateur GnSu)
  2230 | D:3      | Reached XP level 5. HP: 36/38 MP: 1/9
  2395 | D:3      | Noticed an ice beast
  2408 | D:3      | Noticed an ice beast
  2420 | D:3      | Noticed an ice beast
  2705 | D:3      | Noticed an ice beast
  2711 | D:3      | Noticed an ice beast
  2876 | D:3      | Reached skill level 5 in Conjurations
  3257 | D:3      | Noticed Purgy
  3301 | D:3      | Killed Purgy
  3301 | D:3      | Reached XP level 6. HP: 21/45 MP: 1/11
  3506 | D:4      | Found a shattered altar of Ashenzari.
  3611 | D:4      | Learned a level 2 spell: Blink
  3899 | D:4      | Noticed Edmund
  3956 | D:4      | Noticed jazmu's ghost (amateur DsHu)
  4003 | D:4      | HP: 2/45 [jazmu's ghost (6)]
  4005 | D:3      | Slain by Edmund

Skill      XL: |  1  2  3  4  5 |
---------------+----------------+-----
Dodging        | 2 3 |  3.8
Stealth        | 2 |  2.9
Spellcasting   | 3 |  3.9
Conjurations   | 5 |  5.2
Translocations | |  0.1

Action                   |  1- 3 |  4- 6 || total
-------------------------+-------+-------++-------
Melee: Dagger            |    55 |   118 ||   173
       Tailslap          |     4 |     6 ||    10
       Short sword       |     5 |       ||     5
 Cast: Magic Dart        |    62 |    27 ||    89
       Searing Ray       |       |    16 ||    16
       Iskenderun's Myst |       |     9 ||     9
       Blink             |       |     1 ||     1
 Stab: Sleeping          |       |     3 ||     3
  Eat: Chunk             |     2 |    11 ||    13
Armor: Skin              |    19 |    81 ||   100
Dodge: Dodged            |    48 |   186 ||   234
